 Dungeon Crawl Stone Soup version 0.27-a0-1046-g98bf31544f (webtiles) character file.

Game seed: 2236419683303859149

8 Anon1729 the Grasshopper (level 1, 0/17 HPs)
             Began as a Demigod Warper on Apr 19, 2021.
             Slain by a bat (1 damage)
             ... on level 1 of the Dungeon.
             The game lasted 00:01:48 (174 turns).

Anon1729 the Grasshopper (Demigod Warper)            Turns: 174, Time: 00:01:48

Health: 0/17       AC:  3    Str: 12    XL:     1   Next: 80%
Magic:  5/5        EV: 11    Int: 15    God:
Gold:   0          SH:  0    Dex: 13    Spells: 3/3 levels left

rFire    . . .     SeeInvis .   a - +0 hand axe
rCold    . . .     Faith    .   (no shield)
rNeg     . . .     Spirit   .   b - +0 leather armour
rPois    .         Reflect  .   (no helmet)
rElec    .         Harm     .   (no cloak)
rCorr    .         Rampage  .   (no gloves)
Will     .....                  (no boots)
Stlth    +.........             (no amulet)
HPRegen  0.05/turn              (no ring)
MPRegen  0.09/turn              (no ring)

@: no status effects
A: high mp 1, forlorn
a: no special abilities


You were on level 1 of the Dungeon.
You visited 1 branch of the dungeon, and saw 1 of its levels.

Inventory:

Hand Weapons
 a - a +0 hand axe (weapon)
Missiles
 e - 5 boomerangs of dispersal (quivered)
Armour
 b - a +0 leather armour (worn)
Scrolls
 c - a scroll of fear {unknown}
 d - a scroll of blinking
Potions
 f - a potion of magic


   Skills:
 + Level 1.8 Fighting
 + Level 1.9 Axes
 + Level 1.0 Throwing
 + Level 1.1 Armour
 + Level 1.9 Dodging
 + Level 1.9 Spellcasting
 + Level 2.7 Translocations


You had 3 spell levels left.
You didn't know any spells.
Your spell library contained the following spells:

 Spells                   Type           Power      Damage    Failure   Level
 Blink                    Tloc           N/A        N/A       14%         2
 Gell's Gravitas          Tloc           4%         N/A       28%         3
 Lesser Beckoning         Tloc           4%         N/A       28%         3
 Teleport Other           Tloc           9%         N/A       28%         3
 Manifold Assault         Tloc           9%         N/A       95%         5


Dungeon Overview and Level Annotations

Branches:
Dungeon (1/15)


Innate Abilities, Weirdness & Mutations

Your attributes grow dramatically as you level up.
You have an increased reservoir of magic. (+10% MP)
You shall have no god before yourself.


Message History

It was a potion of magic.
Magic courses through your body. The ball python closely misses you.
The ball python misses you. The ball python closely misses you.
The ball python grabs you. The ball python constricts you.
You escape the ball python's grasp.
You aren't carrying any items that you can evoke.
You hit the ball python.
You kill the ball python!
Press: ? - help, v - describe, . - travel A rock wall.
You hit the jackal.
The jackal is severely wounded.
The jackal bites you.
* * * LOW HITPOINT WARNING * * *
The jackal bites you but does no damage.
You hit the jackal.
You kill the jackal!
There is an open door here.
Press: ? - help, v - describe, . - travel A rock wall.
Press: ? - help, v - describe, . - travel The floor.
A bat comes into view.
The bat hits you but does no damage.
Found a robe.
The bat hits you but does no damage. x2
The bat barely misses you. The bat hits you but does no damage.
The bat barely misses you.
Found a stone staircase leading down.
The bat hits you but does no damage. The bat hits you but does no damage.
Found a scroll labelled BOTEGH RIZEU.
The bat hits you but does no damage. The bat closely misses you.
A kobold comes into view. It is wielding a +0 short sword.
The bat hits you.
* * * LOW HITPOINT WARNING * * *
The bat hits you.
You die...

##########
#........#####
#....?........
##.............
.......@..K....
####....b.#####
#...g.##
+.....# #..[r.#
#.....# #.....#
#.....###
#.......####


You could see a quokka, a goblin, a bat and a kobold.

Vanquished Creatures
  A ball python (D:1)
  2 endoplasms (D:1)
  3 jackals (D:1)
6 creatures vanquished.

Notes
Turn   | Place    | Note
-------+----------+-------------------------------------------
     0 | D:1      | Anon1729 the Demigod Warper began the quest for the Orb.
     0 | D:1      | Reached XP level 1. HP: 17/17 MP: 5/5
    44 | D:1      | Reached skill level 1 in Armour
   129 | D:1      | Reached skill level 1 in Throwing
   174 | D:1      | Slain by a bat

Illustrated notes

Levels and vault maps discovered:
D:1:      evilmike_arrival_crescent, layout_basic,
          shapermc_ecumenical_altar_mp_vishouse, serial_shops, shop

Skill      XL: |  1 |
---------------+----+-----
Armour         | 1 |  1.1
Throwing       | 1 |  1.0
Fighting       | |  1.8
Axes           | |  1.9
Dodging        | |  1.9
Spellcasting   | |  1.9
Translocations | |  2.7

Action                   || total
-------------------------++-------
Melee: Hand axe          ||    22
  Use: Potion            ||     1
 Stab: Sleeping          ||     1
Armor: Leather armour    ||    15
Dodge: Dodged            ||    28

Table legend: (Time is in decaauts)
 A = Elapsed time spent in this place.
 B = Non-inter-level travel time spent in this place.
 C = Inter-level travel time spent in this place.
 D = Time resting spent in this place.
 E = Time spent auto-exploring this place.
 F = Levels seen in this place.
 G = Mean time per level.
                   A        B        C        D        E       F      G
               +--------+--------+--------+--------+--------+-----+--------+
         Total |    178 |    178 |      0 |      0 |     91 |   1 |  178.0 |
       Dungeon |    178 |    178 |      0 |      0 |     91 |   1 |  178.0 |
               +--------+--------+--------+--------+--------+-----+--------+

Top non-repeatable levels by time:
     D:1: 178 daAuts
